 Dungeon Crawl Stone Soup version 0.23.2-1-ga50397a (webtiles) character file.

Game seed: 7437580947911636667

142 MalarOregon the Ruffian (level 5, -2/46 HPs)
             Began as a Ghoul Gladiator on May 30, 2019.
             Slain by Terence
             ... wielding a +1 mace of pain
              (5 damage)
             ... on level 2 of the Dungeon.
             The game lasted 00:02:28 (1599 turns).

MalarOregon the Ruffian (Ghoul Gladiator)           Turns: 1599, Time: 00:02:29

Health: -2/46      AC:  4    Str: 19    XL:     5   Next: 25%
Magic:  4/4        EV: 12    Int:  3    God:
Gold:   61         SH:  0    Dex: 10    Spells: 4/4 levels left

rFire    + . .     SeeInvis .     - Unarmed
rCold    + + .     Gourm    .   (no shield)
rNeg     + + +     Faith    .   a - +0 leather armour
rPois    ∞         Spirit   .   b - +0 helmet
rElec    +         Reflect  .   (no cloak)
rCorr    +         Harm     .   (no gloves)
MR       .....                  (no boots)
Stlth    +.........             (no amulet)
HPRegen  0.00/turn              (no ring)
MPRegen  0.09/turn              (no ring)

@: resistant, rotting
A: rotting body, claws 1, carnivore, cold resistance 1, negative energy
resistance 3, inhibited regeneration, torment resistance, unbreathing
a: no special abilities


You were on level 2 of the Dungeon.
You were not hungry.

You visited 1 branch of the dungeon, and saw 2 of its levels.

You collected 61 gold pieces.

Inventory:

Missiles
 c - 3 throwing nets (quivered) {!f}
Armour
 a - a +0 leather armour (worn)
 b - a +0 helmet (worn)
Scrolls
 g - a scroll of blinking {unknown}
 h - 2 scrolls of identify {unknown}
Potions
 f - 2 potions of curing {unknown}
 i - a potion of resistance
Comestibles
 d - 4 chunks of flesh
 e - 3 rations {!d}


   Skills:
 + Level 3.7 Fighting
 - Level 1.8 Throwing
 + Level 2.2 Armour
 - Level 2.6 Dodging
 + Level 4.5 Unarmed Combat


You had 4 spell levels left.
You didn't know any spells.
Your spell library was empty.

Dungeon Overview and Level Annotations

Branches:
Dungeon (2/15)

Altars:

Annotations:
D:2 Terence


Innate Abilities, Weirdness & Mutations

Your body is rotting away.
You thrive on raw meat.
You are immune to poison.
You have sharp fingernails.
You are carnivorous and can eat meat at any time.
Your flesh is cold resistant. (rC+)
You are immune to negative energy. (rN+++)
You do not regenerate when monsters are visible.
You are immune to unholy pain and torment.
You can survive without breathing.


Message History

There is an open door here.
You see here an adder skeleton.
An adder skeleton comes into view.
An adder skeleton is nearby!
You are too injured to fight recklessly!
You are too injured to fight recklessly!
You barely miss the adder skeleton. You claw the adder skeleton.
The adder skeleton bites you but does no damage.
You claw the adder skeleton! The adder skeleton barely misses you.
You barely miss the adder skeleton. The adder skeleton misses you.
You claw the adder skeleton!
You destroy the adder skeleton!
Found a spear.
Found 2 fizzy grey potions.
i - 2 fizzy grey potions You open the door.
A hobgoblin comes into view.
The hobgoblin shouts!
You hear a shout!
Terence the Incautious comes into view.
He is wielding a +1 mace of pain.
You scratch the hobgoblin. The hobgoblin hits you.
* * * LOW HITPOINT WARNING * * *
You claw the hobgoblin!
You kill the hobgoblin!
You scratch Terence. Terence closely misses you.
You scratch Terence but do no damage.
Here: Terence, wielding a +1 mace of pain and wearing a +0 scale mail (moderately wounded)
A hobgoblin corpse.
An open door.
Unknown command.
You barely miss Terence. Terence closely misses you.
You closely miss Terence.
Terence hits you with a +1 mace of pain.
* * * LOW HITPOINT WARNING * * *
You closely miss Terence. Terence misses you.
You barely miss Terence.
Terence hits you with a +1 mace of pain.
* * * LOW HITPOINT WARNING * * *
Your leather armour prevents you from hitting Terence.
You scratch Terence but do no damage. Terence misses you.
Here: Terence, wielding a +1 mace of pain and wearing a +0 scale mail (moderately wounded)
A hobgoblin corpse.
An open door.
You closely miss Terence.
Terence hits you with a +1 mace of pain.
* * * LOW HITPOINT WARNING * * *
You aren't carrying any items that you can evoke.
It was a potion of resistance.
You feel protected.
Terence hits you with a +1 mace of pain.
You die...

#...........# #..#.##
########÷##########......
#########.#.......##.##.##
..........#.......##.....+
..........#.......#####.##
..........#.......# #.##
..........#...)...# #.##
..........#.......# #.##
.........@#.......# #.##
........@##.......# #..
..................†...+
..................#...#
...........########...#
..........# ###
..........# ..........#
..........#


You could see Terence.

Vanquished Creatures
  Jessica (D:2)
  2 adders (D:2)
  4 gnolls
  An adder skeleton (D:2)
  2 dart slugs
  3 leopard geckos
  2 ball pythons (D:1)
  3 bats (D:2)
  3 giant cockroaches
  7 goblins
  7 hobgoblins
  A jackal (D:2)
  4 frilled lizards
  6 kobolds
  7 rats
53 creatures vanquished.

Notes
Turn   | Place    | Note
-------+----------+-------------------------------------------
     0 | D:1      | MalarOregon the Ghoul Gladiator began the quest for the
                  | Orb.
     0 | D:1      | Reached XP level 1. HP: 17/17 MP: 0/0
    80 | D:1      | Reached XP level 2. HP: 18/25 MP: 1/1
   636 | D:1      | Reached skill level 1 in Armour
   680 | D:2      | Reached XP level 3. HP: 28/30 MP: 2/2
   881 | D:2      | Reached skill level 4 in Unarmed Combat
   928 | D:2      | Reached XP level 4. HP: 38/38 MP: 3/3
  1095 | D:2      | Noticed Jessica
  1114 | D:2      | Killed Jessica
  1497 | D:2      | Reached XP level 5. HP: 26/45 MP: 4/4
  1576 | D:2      | Noticed Terence
  1599 | D:2      | Slain by Terence

Skill      XL: |  1  2  3  4 |
---------------+-------------+-----
Armour         | 1 2 |  2.2
Fighting       | 3 |  3.7
Unarmed Combat | 4 |  4.5
Throwing       | |  1.8
Dodging        | |  2.6

Action                   |  1- 3 |  4- 6 || total
-------------------------+-------+-------++-------
Melee: Unarmed           |    94 |    87 ||   181
       Punch             |     1 |     1 ||     2
  Use: Potion            |       |     1 ||     1
  Eat: Chunk             |     6 |     3 ||     9
Armor: Leather armour    |    18 |    24 ||    42
Dodge: Dodged            |    78 |    57 ||   135
